 Dungeon Crawl Stone Soup version 0.28-a0-691-gad6df49e81 (webtiles) character file.

Game seed: 3386355566725725579

30 ytrimaz the Shield-Bearer (level 3, 0/30 HPs)
             Began as a Formicid Fighter on Oct 22, 2021.
             Slain by a gnoll (8 damage)
             ... on level 2 of the Dungeon.
             The game lasted 00:02:13 (1095 turns).

ytrimaz the Shield-Bearer (Formicid Fighter)        Turns: 1095, Time: 00:02:13

Health: 0/30       AC:  7    Str: 21    XL:     3   Next: 37%
Magic:  3/3        EV:  9    Int:  7    God:
Gold:   20         SH:  4    Dex: 10    Spells: 2/2 levels left

rFire   . . .      SeeInvis +   a - +0 war axe
rCold   . . .      Faith    .   c - +0 buckler
rNeg    . . .      Spirit   .   b - +0 scale mail
rPois   .          Reflect  .   (helmet unavailable)
rElec   .          Harm     .   (no cloak)
rCorr   .          Rampage  .   (no gloves)
Will    .....                   (no boots)
Stlth   ..........              (no amulet)
HPRegen 0.10/turn               (no ring)
MPRegen 0.08/turn               (no ring)

@: mighty
A: permanent stasis, dig shafts and tunnels, antennae 3, four strong arms
a: Dig, Shaft Self


You were on level 2 of the Dungeon.
You visited 1 branch of the dungeon, and saw 2 of its levels.

You collected 20 gold pieces.

Inventory:

Hand Weapons
 a - a +0 war axe (weapon)
Armour
 b - a +0 scale mail (worn)
 c - a +0 buckler (worn)
Scrolls
 e - 2 scrolls of identify
 f - a scroll of noise


   Skills:
 + Level 3.7 Fighting
 + Level 2.4 Axes
 + Level 3.7 Armour
 + Level 3.9 Shields


You had 2 spell levels left.
You didn't know any spells.
Your spell library contained the following spells:

 Spells                   Type           Power      Damage    Failure   Level
 Call Canine Familiar     Summ           0%         N/A       98%         3
 Ozocubu's Armour         Ice            0%         N/A       98%         3
 Portal Projectile        Hex/Tloc       0%         N/A       98%         3
 Leda's Liquefaction      Hex/Erth       0%         N/A       100%        4
 Metabolic Englaciation   Hex/Ice        0%         N/A       100%        5
 Conjure Ball Lightning   Conj/Air       0%         3x3d6     100%        6
 Simulacrum               Ice/Necr       0%         N/A       100%        6
 Discord                  Hex            0%         N/A       100%        8
 Disjunction              Tloc           0%         N/A       100%        8


Dungeon Overview and Level Annotations

Branches:
Dungeon (2/15)

Altars:

Shops:
D:1 ?(**!


Innate Abilities, Weirdness & Mutations

You cannot be hasted, slowed, berserked, paralysed or teleported.
You can dig through walls and to a lower floor.
You have a pair of large antennae on your head. (SInv)
Your four strong arms can wield two-handed weapons with a shield.


Message History

The gnoll shouts!
The hobgoblin shouts!
The hobgoblin moves out of view.
A gnoll is nearby!
A gnoll is nearby!
A gnoll comes into view. It is wielding a +0 whip.
The gnoll shouts!
The gnoll throws a poisoned dart.
The poisoned dart hits you!
You are poisoned.
You feel very sick.
The gnoll throws a poisoned dart.
The poisoned dart hits you!
You are more poisoned.
You feel very sick.
The hobgoblin hits you but does no damage.
You feel very mighty all of a sudden.
You feel very sick.
The hobgoblin hits you but does no damage.
You slash the hobgoblin!
You kill the hobgoblin!
You feel very sick.
You hit the gnoll.
The gnoll is heavily wounded.
You feel very sick. The gnoll closely misses you.
You barely miss the gnoll.
You feel sick.
You barely miss the gnoll.
You feel sick. The gnoll barely misses you. You block the gnoll's attack.
You slash the gnoll!
The gnoll is heavily wounded.
You feel sick. The gnoll hits you but does no damage.
You barely miss the gnoll.
The gnoll is heavily wounded.
You feel sick.
You are no longer poisoned.
The gnoll hits you but does no damage.
You hit the gnoll.
The gnoll is severely wounded.
The gnoll hits you with a +0 club.
* * * LOW HITPOINT WARNING * * *
The gnoll hits you with a +0 club!
You die...

#.# #.# #.# #.#
####### #.###.#
#.....# #.....#
#.....# ####..#
#.....# #..#
#.....# #..#
#.....+
#..####.....#
#...@gg.....# {
##.###.#'####
#.# #.#.# #.#
#.#.# #.#
#.#.#### #.#
#...{..# {
#.#####.##.###
#......>.......
###############


You could see 2 gnolls.

Vanquished Creatures
  A dart slug (D:1)
  A bat (D:1)
  An endoplasm (D:1)
  2 giant cockroaches (D:1)
  2 goblins (D:1)
  4 hobgoblins
  2 quokkas (D:1)
  3 ball pythons (D:1)
  A frilled lizard (D:1)
  2 kobolds (D:1)
  10 rats
29 creatures vanquished.

Notes
Turn   | Place    | Note
-------+----------+-------------------------------------------
     0 | D:1      | ytrimaz the Formicid Fighter began the quest for the Orb.
     0 | D:1      | Reached XP level 1. HP: 18/18 MP: 1/1
    68 | D:1      | Found Baquc's Antique Weapon Emporium.
   388 | D:1      | Found Jocaek's Distillery.
   427 | D:1      | Found Tepp's Assorted Antiques.
   438 | D:1      | Reached XP level 2. HP: 20/24 MP: 2/2
   608 | D:1      | Found Qigaroru's General Store.
   619 | D:1      | Found Boda's Magic Scroll Boutique.
   736 | D:1      | Reached XP level 3. HP: 27/29 MP: 3/3
  1095 | D:2      | Slain by a gnoll

Illustrated notes

Levels and vault maps discovered:
D:1:      kennysheep_arrival_forest, layout_basic, serial_shops,
          nicolae_shop_temple_entry_statues_fountains, shop,
          nicolae_shop_behind_doors, nicolae_square_shop,
          nicolae_shop_behind_doors, minmay_misc_feat_roman, grunt_decor_clamped
D:2:      layout_basic, kennysheep_generic_room_15

Action                   || total
-------------------------++-------
Melee: War axe           ||    63
  Use: Scroll            ||     2
       Potion            ||     1
Armor: Scale mail        ||    28
Dodge: Dodged            ||    41
Block: Buckler           ||    16

Table legend: (Time is in decaauts)
 A = Elapsed time spent in this place.
 B = Non-inter-level travel time spent in this place.
 C = Inter-level travel time spent in this place.
 D = Time resting spent in this place.
 E = Time spent auto-exploring this place.
 F = Levels seen in this place.
 G = Mean time per level.
                   A        B        C        D        E       F      G
               +--------+--------+--------+--------+--------+-----+--------+
         Total |   1119 |   1104 |     15 |      0 |    846 |   2 |  559.5 |
       Dungeon |   1119 |   1104 |     15 |      0 |    846 |   2 |  559.5 |
               +--------+--------+--------+--------+--------+-----+--------+

Top non-repeatable levels by time:
     D:1: 1027 daAuts
     D:2: 91 daAuts
